Map: Acid Plant LE

Players

Namshar - Winner!

  • Race: Zerg Zerg
  • Spawn Location: 5:00

Denver

  • Race: Zerg Zerg
  • Spawn Location: 11:00

Event: WCS Montreal 2018

VOD

Have the link to the VOD?

Description

Time

  • Played on: Sept. 7, 2018, 4:51 p.m.
  • Length: 13:47

All games in this series

Show
View Real Time Build Order
Export as new Build Order

Namshar Zerg - Winner!

Build Orders: Hatch First, Lurkers, Zergling Baneling 

Get SALT Encoding   

  12  0:00  Drone  
  13  0:12  Overlord  
  13  0:16  Drone  
  14  0:30  Drone x2  
  16  0:47  Hatchery  
  15  0:51  Drone  
  15  0:54  Drone  
  17  0:57  Drone  
  18  1:07  Extractor  
  17  1:13  Spawning Pool  
  17  1:16  Drone  
  17  1:20  Drone  
  18  1:27  Drone  
  19  1:38  Drone  
  20  1:49  Drone  
  21  1:59  Drone, Queen  
  21  2:00  Queen  
  21  2:01  Overlord  
  26  2:08  Metabolic Boost  
  26  2:11  Drone x2  
  28  2:21  Zergling x2  
  30  2:22  Zergling x2  
  30  2:32  Drone x2  
  32  2:37  Hatchery  
  32  2:42  Drone  
  32  2:43  Drone  
  33  2:47  Baneling Nest  
  32  2:53  Overlord  
  32  2:55  Drone  
  33  3:10  Drone x2  
  33  3:12  Overlord  
  35  3:13  Zergling x8  
  35  3:17  Zergling x4  
  41  3:25  Drone  
  42  3:28  Overlord  
  42  3:29  Evolution Chamber  
  42  3:33  Baneling x2  
  41  3:35  Baneling x2  
  41  3:40  Drone x2  
  41  3:41  Drone x2  
  45  3:45  Queen  
  47  3:50  Drone  
  47  3:51  Drone x2  
  43  4:10  Zergling x12  
  43  4:13  Drone x4  
  43  4:14  Baneling  
  43  4:15  Baneling  
  43  4:17  Zerg Missile Weapons Level 1  
  53  4:18  Drone  
  53  4:19  Extractor, Drone  
  53  4:20  Extractor  
  53  4:21  Drone  
  54  4:25  Drone x2  
  54  4:26  Drone  
  57  4:36  Drone x2  
  59  4:39  Overlord  
  59  4:41  Baneling x2  
  59  4:49  Drone x8  
  65  4:58  Drone  
  65  4:59  Lair  
  63  5:01  Zergling x4  
  63  5:02  Drone x2  
  67  5:08  Zergling x2  
  67  5:10  Overlord  
  67  5:11  Overlord  
  68  5:14  Extractor  
  68  5:15  Drone  
  68  5:16  Drone x2  
  70  5:22  Extractor x2, Drone  
  70  5:23  Drone x4  
  72  5:29  Overlord x2  
  72  5:33  Zergling x2  
  72  5:34  Zergling x6, Roach Warren  
  74  5:56  Hatchery  
  72  6:10  Spine Crawler  
  70  6:11  Spine Crawler  
  70  6:12  Spine Crawler x2  
  70  6:14  Roach x11  
  90  6:18  Roach  
  90  6:21  Roach  
  90  6:22  Roach  
  91  6:26  Roach  
  91  6:30  Spine Crawler  
  91  6:32  Roach  
  93  6:39  Roach x5  
  87  6:47  Roach  
  87  6:48  Roach x2  
  87  6:52  Ravager  
  87  6:53  Roach x3  
  90  6:59  Roach  
  90  7:00  Roach  
  89  7:04  Roach  
  89  7:07  Queen x2  
  95  7:10  Glial Reconstitution  
  95  7:14  Zerg Missile Weapons Level 2  
  95  7:27  Drone x10  
  105  7:45  Evolution Chamber  
  105  7:46  Queen  
  105  7:48  Pneumatized Carapace  
  105  7:50  Roach x3  
  105  7:51  Overlord x4  
  112  7:59  Hydralisk Den  
  111  8:06  Drone  
  111  8:07  Overseer  
  112  8:16  Drone  
  112  8:19  Drone  
  114  8:20  Roach x7  
  114  8:21  Roach x5  
  114  8:24  Ravager x2  
  114  8:25  Ravager x2  
  142  8:29  Overlord x2, Ravager  
  143  8:41  Overlord x2  
  143  8:43  Zerg Ground Armor Level 1  
  143  8:44  Grooved Spines  
  143  8:47  Lurker Den  
  142  8:57  Extractor, Drone  
  142  8:58  Drone x2  
  142  9:00  Drone x2  
  146  9:05  Roach x8  
  150  9:15  Infestation Pit  
  150  9:16  Drone, Hydralisk  
  150  9:17  Hydralisk x3  
  157  9:24  Overlord  
  157  9:27  Roach  
  157  9:28  Roach x4  
  166  9:37  Overseer  
  164  9:39  Hydralisk x2  
  164  9:42  Overlord x2  
  164  9:43  Overlord  
  162  10:02  Hydralisk x2  
  162  10:03  Hydralisk, Roach  
  162  10:04  Roach x7  
  184  10:08  Hive  
  184  10:21  Lurker x2  
  186  10:22  Roach  
  186  10:23  Roach x2  
  186  10:25  Overlord x2  
  186  10:26  Overlord  
  165  10:44  Hydralisk  
  165  10:45  Roach x10  
  179  10:52  Hydralisk  
  179  10:53  Roach x4  
  183  11:06  Hydralisk, Roach  
  183  11:07  Roach x6  
  181  11:15  Overseer  
  171  11:20  Drone  
  171  11:21  Drone x3  
  171  11:23  Adaptive Talons  
  171  11:24  Extractor  
  174  11:31  Hydralisk x5  
  184  11:40  Unknown  
  184  11:41  Unknown  
  186  11:47  Roach x8  
  186  11:49  Muscular Augments  
  197  12:30  Lurker x4  
  194  12:55  Hydralisk  
  194  12:56  Hydralisk, Roach  
  194  12:57  Roach x2  
  188  13:26  Roach x7  
Show
View Real Time Build Order
Export as new Build Order

Denver Zerg 

Build Orders: Hatch First 

Get SALT Encoding   

  12  0:00  Drone  
  13  0:12  Overlord  
  13  0:17  Drone  
  14  0:31  Drone x2  
  16  0:47  Hatchery  
  15  0:51  Drone  
  15  0:55  Drone  
  17  0:58  Drone  
  18  1:09  Extractor  
  17  1:14  Spawning Pool  
  17  1:17  Drone  
  17  1:21  Drone  
  18  1:28  Drone  
  19  1:39  Drone  
  20  1:52  Drone  
  21  2:00  Queen x2  
  25  2:01  Zergling x2  
  25  2:02  Overlord  
  26  2:10  Metabolic Boost  
  26  2:12  Drone x2  
  28  2:24  Drone x2  
  30  2:35  Hatchery  
  29  2:38  Drone  
  29  2:40  Drone  
  31  2:45  Baneling Nest  
  31  2:47  Drone  
  31  2:52  Overlord  
  31  2:55  Drone  
  32  2:58  Zergling x2  
  32  3:03  Queen  
  35  3:07  Drone  
  35  3:11  Zergling x4  
  38  3:14  Zergling x2  
  38  3:16  Drone  
  38  3:17  Drone  
  41  3:20  Drone  
  41  3:24  Overlord  
  42  3:27  Drone  
  42  3:29  Drone  
  44  3:36  Overlord  
  44  3:38  Baneling x2  
  44  3:43  Zergling x4  
  44  3:44  Evolution Chamber  
  44  3:45  Baneling x2  
  45  3:48  Drone  
  45  3:49  Drone  
  43  4:03  Zergling x8  
  44  4:11  Drone x4  
  44  4:12  Drone x2  
  44  4:15  Baneling  
  51  4:17  Drone x2  
  51  4:21  Drone x2  
  51  4:24  Drone  
  55  4:27  Drone x2  
  57  4:32  Extractor  
  57  4:33  Extractor  
  57  4:34  Roach Warren  
  57  4:36  Drone  
  55  4:40  Drone x3  
  58  4:46  Drone x4  
  58  4:52  Zergling x6  
  61  4:53  Zergling x2  
  60  5:00  Overlord  
  60  5:05  Baneling  
  59  5:07  Overlord x2  
  59  5:16  Zerg Missile Weapons Level 1  
  59  5:20  Roach x7  
  73  5:27  Roach  
  75  5:32  Roach x4  
  83  5:38  Baneling x2  
  83  5:41  Overlord  
  83  5:43  Zergling x12  
  86  5:58  Zergling x8  
  86  5:59  Overlord  
  86  6:02  Lair  
  89  6:09  Zergling x8  
  89  6:10  Zergling x10  
  97  6:14  Baneling x6  
  97  6:19  Zergling x2  
  97  6:20  Zergling x6  
  97  6:24  Zergling x2  
  97  6:25  Zergling x2  
  102  6:28  Zergling x6  
  103  6:34  Zergling x6  
  101  6:40  Zergling x12  
  95  6:50  Drone  
  95  6:51  Drone x2  
  78  7:01  Drone  
  78  7:02  Drone x7  
  78  7:05  Glial Reconstitution  
  78  7:06  Hatchery  
  78  7:07  Drone x2  
  80  7:10  Drone x3  
  80  7:15  Roach x2  
  87  7:18  Extractor  
  87  7:19  Baneling x4  
  85  7:27  Roach  
  85  7:28  Roach x2  
  85  7:32  Roach x4  
  85  7:36  Roach x2  
  95  7:38  Extractor, Zerg Missile Weapons Level 2  
  95  7:41  Overseer  
  94  7:44  Roach x2  
  94  7:47  Roach x2  
  94  7:50  Overlord  
  99  7:54  Drone x3  
  99  7:55  Extractor  
  99  7:57  Roach x2  
  105  7:59  Overlord  
  105  8:03  Overlord  
  105  8:10  Roach x4  
  105  8:12  Overlord  
  112  8:14  Roach  
  112  8:18  Roach x3  
  119  8:21  Overlord  
  119  8:24  Roach x2  
  123  8:28  Ravager  
  123  8:29  Ravager x2  
  123  8:31  Overlord  
  123  8:32  Roach x2  
  130  8:35  Roach  
  130  8:39  Roach  
  130  8:40  Roach x2  
  138  8:43  Roach x2  
  138  8:46  Ravager  
  138  8:48  Overlord  
  143  8:51  Roach  
  143  8:52  Roach x2  
  143  8:53  Overseer  
  149  8:56  Overlord  
  149  8:58  Roach  
  149  9:00  Ravager  
  149  9:02  Overlord  
  148  9:13  Roach x6  
  148  9:15  Overlord  
  156  9:17  Roach  
  156  9:19  Ravager  
  156  9:20  Ravager  
  160  9:26  Roach  
  160  9:27  Roach x3  
  160  9:28  Overlord  
  164  9:35  Roach x4  
  164  9:36  Overseer  
  170  9:42  Drone x4  
  170  9:43  Ravager  
  170  9:44  Ravager  
  176  9:48  Roach  
  176  9:49  Roach x2  
  182  9:53  Overseer, Roach x2  
  182  9:58  Hydralisk Den  
  175  10:03  Roach x5  
  175  10:06  Overlord  
  183  10:12  Overlord  
  183  10:15  Ravager  
  183  10:16  Ravager  
  183  10:18  Roach x2  
  183  10:19  Roach  
  167  10:44  Roach x12  
  167  10:45  Roach x5  
  173  10:58  Roach x9  
  180  11:05  Roach x2  
  160  11:13  Roach  
  160  11:14  Roach x3  
  160  11:18  Roach x2  
  162  11:19  Queen  
  162  11:22  Extractor  
  162  11:23  Ravager x2  
  162  11:24  Ravager  
  162  11:25  Roach  
  168  11:27  Roach  
  170  11:33  Spine Crawler  
  170  11:36  Lurker Den, Extractor  
  167  11:44  Roach x4  
  167  11:45  Roach x2  
  174  12:01  Roach x11  
  192  12:09  Grooved Spines  
  192  12:17  Pneumatized Carapace  
  192  12:26  Hydralisk x3  
  192  12:27  Hydralisk x2  
  192  12:29  Overlord x2  
  188  12:54  Hydralisk x7  
  185  13:15  Roach  
  185  13:16  Roach x4  
  185  13:17  Ravager x2  
  185  13:18  Overlord  
  185  13:19  Overlord  
  174  13:27  Lurker x3  
Tags
 
Add a new tag
Caveats
  • Supply blocks, unpowered buildings, or Contaminate may cause inaccurate times.
  • Supply counts are checked every 10 seconds.